IL
TOLEDO MUD HENS @ OMAHA STORM CHASERS
07/03/2045
 
TOP OF THE 1ST
Toledo Mud Hens batting - Pitching for Omaha Storm Chasers : RHP Nick Harmon
Pitching: RHP Nick Harmon
Batting: SHB Adam Weber 0-0: Ball
1-0: Foul Ball, location: 2F
1-1: Ball
2-1: Foul Ball, location: 2F
2-2: Ground out 6-3 (Groundball, P, EV 85.6 MPH)
Batting: SHB Raul Morales 0-0: Foul Ball, location: 2F
0-1: Swinging Strike
0-2: Ball
1-2: Strikes out swinging
Batting: LHB Andy Schumacher 0-0: Ball
1-0: Ball
2-0: Swinging Strike
2-1: Ground out 4-3 (Groundball, 4, EV 80.6 MPH)
Top of the 1st over - 0 runs, 0 hits, 0 errors, 0 left on base; Toledo 0 - Omaha 0
BOTTOM OF THE 1ST
Omaha Storm Chasers batting - Pitching for Toledo Mud Hens : RHP Jason Williams
Pitching: RHP Jason Williams
Batting: RHB Yuichi Takata 0-0: Called Strike
0-1: Foul Ball, location: 2F
0-2: Ball
1-2: Strikes out swinging
Batting: RHB Nick Ogle 0-0: Foul Ball, location: 2F
0-1: Ball
1-1: Ball
2-1: Swinging Strike
2-2: Strikes out swinging
Batting: LHB Roman Downey 0-0: Swinging Strike
0-1: Ball
1-1: Ball
2-1: Fly out, F7 (Flyball, 7LS, EV 86.2 MPH)
Bottom of the 1st over - 0 runs, 0 hits, 0 errors, 0 left on base; Toledo 0 - Omaha 0
TOP OF THE 2ND
Toledo Mud Hens batting - Pitching for Omaha Storm Chasers : RHP Nick Harmon
Batting: RHB Tim Borden 0-0: Called Strike
0-1: Ball
1-1: Ball
2-1: Ground out 6-3 (Groundball, 6, EV 83.8 MPH)
Batting: SHB Jamie Roberts 0-0: Ball
1-0: Ball
2-0: Ground out 5-3 (Groundball, 5, EV 81.9 MPH)
Batting: RHB Steve Clark 0-0: Called Strike
0-1: Ball
1-1: Foul Ball, location: 2F
1-2: Ground out 6-3 (Groundball, 6, EV 100.0 MPH)
Top of the 2nd over - 0 runs, 0 hits, 0 errors, 0 left on base; Toledo 0 - Omaha 0
BOTTOM OF THE 2ND
Omaha Storm Chasers batting - Pitching for Toledo Mud Hens : RHP Jason Williams
Batting: RHB Muneer Maudad 0-0: Ball
1-0: Called Strike
1-1: Swinging Strike
1-2: Ball
2-2: Foul Ball, location: 2F
2-2: Strikes out swinging
Batting: RHB Walt Cogswell 0-0: Called Strike
0-1: Foul Ball, location: 2F
0-2: Foul Ball, location: 2F
0-2: Ball
1-2: Fly out, F9 (Flyball, 9LS, EV 83.8 MPH)
Batting: RHB Mikolas Markus 0-0: Ball
1-0: Called Strike
1-1: Fly out, F9 (Flyball, 9, EV 71.2 MPH)
Bottom of the 2nd over - 0 runs, 0 hits, 0 errors, 0 left on base; Toledo 0 - Omaha 0
TOP OF THE 3RD
Toledo Mud Hens batting - Pitching for Omaha Storm Chasers : RHP Nick Harmon
Batting: RHB Paul Wood 0-0: Called Strike
0-1: Called Strike
0-2: SINGLE (Groundball, 56S, EV 75.6 MPH) (infield hit)
Batting: RHB Casey Knutson 0-0: Foul Ball, location: 2F
0-1: Foul Ball, location: 2F
0-2: Ball
1-2: Strikes out swinging
Batting: RHB Josh Stinnett 0-0: Ball
1-0: Foul Ball, location: 2F
1-1: Called Strike
1-2: Foul Ball, location: 2F
1-2: Ball
2-2: Strikes out looking
Paul Wood steals 2nd base
Batter strikes out.
Batting: SHB Adam Weber 0-0: Called Strike
0-1: Ball
1-1: Ball
2-1: Called Strike
2-2: Foul Ball, location: 2F
2-2: Foul Ball, location: 2F
2-2: Ball
3-2: Base on Balls
Batting: SHB Raul Morales 0-0: Ball
1-0: Swinging Strike
1-1: Ball
2-1: Foul Ball, location: 2F
2-2: Foul Ball, location: 2F
2-2: Ball
3-2: Ground out 4-3 (Groundball, 4S, EV 87.5 MPH)
Top of the 3rd over - 0 runs, 1 hit, 0 errors, 2 left on base; Toledo 0 - Omaha 0
BOTTOM OF THE 3RD
Omaha Storm Chasers batting - Pitching for Toledo Mud Hens : RHP Jason Williams
Batting: RHB Bob Najar 0-0: Ball
1-0: Called Strike
1-1: Foul Ball, location: 2F
1-2: Ball
2-2: Fly out, F3 (Popup, 3SF, EV 82.5 MPH)
Batting: LHB Ricardo Pagan 0-0: Ball
1-0: SOLO HOME RUN (Flyball, 89XD, EV 107.5 MPH), Distance : 398 ft
Batting: RHB Marcos Villalobos 0-0: Ball
1-0: Ball
2-0: Ball
3-0: Called Strike
3-1: Called Strike
3-2: Base on Balls
Batting: RHB Yuichi Takata 0-0: SINGLE (Groundball, 34D, EV 96.2 MPH)
Marcos Villalobos to second
Runner from 2nd tries for 3rd, SAFE, no throw by RF
Batting: RHB Nick Ogle 0-0: Ball
1-0: Foul Ball, location: 2F
1-1: Ball
Yuichi Takata steals 2nd, throwing error, E2
Marcos Villalobos scores
Yuichi Takata to third
2-1: Called Strike
2-2: Foul Ball, location: 2F
2-2: Ball
3-2: Foul Ball, location: 2F
3-2: Base on Balls
Batting: LHB Roman Downey 0-0: Called Strike
0-1: Foul Ball, location: 2F
0-2: Strikes out looking
Batting: RHB Muneer Maudad 0-0: Ball
1-0: Ball
2-0: Ball
3-0: Base on Balls
Nick Ogle to second
Batting: RHB Walt Cogswell 0-0: Foul Ball, location: 2F
0-1: Ball
1-1: Fielders Choice at 2nd, 6-4 (Groundball, 6, EV 83.1 MPH)
Bottom of the 3rd over - 2 runs, 2 hits, 1 error, 3 left on base; Toledo 0 - Omaha 2
TOP OF THE 4TH
Toledo Mud Hens batting - Pitching for Omaha Storm Chasers : RHP Nick Harmon
Batting: LHB Andy Schumacher 0-0: Called Strike
0-1: DOUBLE (Flyball, 78D, EV 107.5 MPH)
Batting: RHB Tim Borden 0-0: Foul Ball, location: 2F
0-1: Ball
1-1: Foul Ball, location: 2F
1-2: Ground out 6-3 (Groundball, 6, EV 111.2 MPH)
Batting: SHB Jamie Roberts 0-0: Foul Ball, location: 2F
0-1: Ball
1-1: Called Strike
1-2: Fly out, F8 (Flyball, 8RM, EV 79.4 MPH)
Batting: RHB Steve Clark 0-0: Ground out 6-3 (Groundball, 56, EV 76.9 MPH)
Top of the 4th over - 0 runs, 1 hit, 0 errors, 1 left on base; Toledo 0 - Omaha 2
BOTTOM OF THE 4TH
Omaha Storm Chasers batting - Pitching for Toledo Mud Hens : RHP Jason Williams
Batting: RHB Mikolas Markus 0-0: Called Strike
0-1: Foul Ball, location: 2F
0-2: SINGLE (Groundball, 6D, EV 106.2 MPH)
Batting: RHB Bob Najar 0-0: Called Strike
0-1: Ball
Passed Ball!
Mikolas Markus to second
1-1: Ball
2-1: Foul Ball, location: 2F
2-2: Fly out, F8 (Flyball, 8RD, EV 96.2 MPH)
Batting: LHB Ricardo Pagan 0-0: Foul Ball, location: 2F
0-1: Ball
1-1: DOUBLE (Line Drive, 78D, EV 99.4 MPH)
Mikolas Markus scores
Batting: RHB Marcos Villalobos 0-0: Called Strike
0-1: Ball
1-1: Foul Ball, location: 2F
1-2: Ball
2-2: Strikes out swinging
Batting: RHB Yuichi Takata 0-0: Ground out 6-3 (Groundball, 6, EV 83.8 MPH)
Bottom of the 4th over - 1 run, 2 hits, 0 errors, 1 left on base; Toledo 0 - Omaha 3
TOP OF THE 5TH
Toledo Mud Hens batting - Pitching for Omaha Storm Chasers : RHP Nick Harmon
Batting: RHB Paul Wood 0-0: Called Strike
0-1: Ball
1-1: Ball
2-1: Foul Ball, location: 2F
2-2: Strikes out looking
Batting: RHB Casey Knutson 0-0: Ball
1-0: Swinging Strike
1-1: Called Strike
1-2: Ball
2-2: Foul Ball, location: 2F
2-2: Foul Ball, location: 2F
2-2: Ball
3-2: Fly out, F8 (Flyball, 8RD, EV 95.6 MPH)
Batting: RHB Josh Stinnett 0-0: Called Strike
0-1: Ball
1-1: Swinging Strike
1-2: Foul Ball, location: 2F
1-2: Ground out 5-3 (Groundball, 56S, EV 63.8 MPH)
Top of the 5th over - 0 runs, 0 hits, 0 errors, 0 left on base; Toledo 0 - Omaha 3
BOTTOM OF THE 5TH
Omaha Storm Chasers batting - Pitching for Toledo Mud Hens : RHP Jason Williams
Batting: RHB Nick Ogle 0-0: Called Strike
0-1: Ball
1-1: Swinging Strike
1-2: Ball
2-2: Fly out, F6 (Popup, 6, EV 74.4 MPH)
Batting: LHB Roman Downey 0-0: Ball
1-0: Called Strike
1-1: Foul Ball, location: 2F
1-2: TRIPLE (Flyball, 78XD, EV 105.6 MPH)
Batting: RHB Muneer Maudad 0-0: Ball
1-0: Called Strike
1-1: Swinging Strike
1-2: Ball
2-2: Foul Ball, location: 2F
2-2: Ball
3-2: Ground out 1-3 (Groundball, 13S, EV 76.9 MPH)
Batting: RHB Walt Cogswell 0-0: Called Strike
0-1: Fly out, F9 (Line Drive, 9, EV 105.0 MPH)
Bottom of the 5th over - 0 runs, 1 hit, 0 errors, 1 left on base; Toledo 0 - Omaha 3
TOP OF THE 6TH
Toledo Mud Hens batting - Pitching for Omaha Storm Chasers : RHP Nick Harmon
Pitching: RHP Josh Moncada
Batting: SHB Adam Weber 0-0: Called Strike
0-1: Ground out 1-3 (Groundball, 13S, EV 66.2 MPH)
Batting: SHB Raul Morales 0-0: Ball
1-0: Foul Ball, location: 2F
1-1: Swinging Strike
1-2: Foul Ball, location: 2F
1-2: Strikes out swinging
Batting: LHB Andy Schumacher 0-0: Ball
1-0: Called Strike
1-1: Ball
2-1: Called Strike
2-2: Foul Ball, location: 2F
2-2: Ball
3-2: Fly out, F7 (Flyball, 7D, EV 86.9 MPH)
Top of the 6th over - 0 runs, 0 hits, 0 errors, 0 left on base; Toledo 0 - Omaha 3
BOTTOM OF THE 6TH
Omaha Storm Chasers batting - Pitching for Toledo Mud Hens : RHP Jason Williams
Pitching: LHP Jim Daum
Batting: RHB Mikolas Markus 0-0: Ball
1-0: Fly out, F9 (Flyball, 9, EV 95.6 MPH)
Batting: RHB Bob Najar 0-0: Ball
1-0: DOUBLE (Groundball, 5L, EV 93.8 MPH)
Batting: LHB Ricardo Pagan 0-0: Called Strike
0-1: Ball
1-1: Foul Ball, location: 2F
1-2: Ball
2-2: Foul Ball, location: 2F
2-2: Ground out 4-3 (Groundball, 4, EV 85.0 MPH)
Bob Najar to third
Batting: RHB Marcos Villalobos 0-0: Foul Ball, location: 2F
0-1: Ball
1-1: Fly out, F9 (Flyball, 89S, EV 93.8 MPH)
Bottom of the 6th over - 0 runs, 1 hit, 0 errors, 1 left on base; Toledo 0 - Omaha 3
TOP OF THE 7TH
Toledo Mud Hens batting - Pitching for Omaha Storm Chasers : RHP Josh Moncada
Batting: RHB Tim Borden 0-0: Ball
1-0: Foul Ball, location: 2F
1-1: Ball
2-1: Fly out, F9 (Flyball, 89D, EV 103.8 MPH)
Pitching: RHP Lionardo Rabelo
Batting: SHB Jamie Roberts 0-0: Called Strike
0-1: Hit by Pitch
Batting: RHB Steve Clark 0-0: Called Strike
0-1: Foul Ball, location: 2F
0-2: Strikes out looking
Batting: RHB Paul Wood 0-0: Called Strike
0-1: Ball
1-1: Foul Ball, location: 2F
1-2: Ball
2-2: Ball
3-2: 2-RUN HOME RUN (Flyball, 7LD, EV 94.4 MPH), Distance : 348 ft
Batting: RHB Casey Knutson 0-0: Called Strike
0-1: Called Strike
0-2: Strikes out looking
Top of the 7th over - 2 runs, 1 hit, 0 errors, 0 left on base; Toledo 2 - Omaha 3
BOTTOM OF THE 7TH
Omaha Storm Chasers batting - Pitching for Toledo Mud Hens : LHP Jim Daum
Batting: RHB Yuichi Takata 0-0: Fly out, F7 (Flyball, 7LS, EV 86.9 MPH)
Batting: RHB Nick Ogle 0-0: Fly out, F2 (Popup, 3SF, EV 85.0 MPH)
Batting: LHB Roman Downey 0-0: Called Strike
0-1: Ball
1-1: Fly out, F8 (Flyball, 8RXD, EV 96.9 MPH)
Bottom of the 7th over - 0 runs, 0 hits, 0 errors, 0 left on base; Toledo 2 - Omaha 3
TOP OF THE 8TH
Toledo Mud Hens batting - Pitching for Omaha Storm Chasers : RHP Lionardo Rabelo
Batting: RHB Josh Stinnett 0-0: Ball
1-0: Called Strike
1-1: Ground out 4-3 (Groundball, 34S, EV 84.4 MPH)
Batting: SHB Adam Weber 0-0: Called Strike
0-1: Called Strike
0-2: Ball
1-2: SOLO HOME RUN (Flyball, 9D, EV 95.0 MPH), Distance : 353 ft
Pitching: LHP John Hall
Batting: SHB Raul Morales 0-0: Ball
1-0: Foul Ball, location: 2F
1-1: Ball
2-1: Ball
3-1: Called Strike
3-2: Ground out 6-3 (Groundball, 6, EV 94.4 MPH)
Batting: LHB Andy Schumacher 0-0: Ball
1-0: Foul Ball, location: 2F
1-1: Called Strike
1-2: Ground out 6-3 (Groundball, 4M, EV 80.6 MPH)
Top of the 8th over - 1 run, 1 hit, 0 errors, 0 left on base; Toledo 3 - Omaha 3
BOTTOM OF THE 8TH
Omaha Storm Chasers batting - Pitching for Toledo Mud Hens : LHP Jim Daum
Batting: RHB Muneer Maudad 0-0: Swinging Strike
0-1: Ball
1-1: Swinging Strike
1-2: Ball
2-2: Ball
3-2: Fly out, F8 (Flyball, 8RD, EV 85.0 MPH)
Batting: RHB Walt Cogswell 0-0: Foul Ball, location: 2F
0-1: Fly out, F7 (Flyball, 7LS, EV 91.9 MPH)
Batting: RHB Mikolas Markus 0-0: Foul Ball, location: 2F
0-1: Called Strike
0-2: Foul Ball, location: 2F
0-2: Ball
1-2: Ball
2-2: Foul Ball, location: 2F
2-2: Ball
3-2: Strikes out swinging
Bottom of the 8th over - 0 runs, 0 hits, 0 errors, 0 left on base; Toledo 3 - Omaha 3
TOP OF THE 9TH
Toledo Mud Hens batting - Pitching for Omaha Storm Chasers : LHP John Hall
Batting: RHB Tim Borden 0-0: Ball
1-0: SINGLE (Line Drive, 9LS, EV 103.8 MPH)
Batting: SHB Jamie Roberts 0-0: Foul Ball, location: 2F
0-1: Ball
1-1: Fielders Choice at 2nd, 5-4 (Groundball, 15, EV 81.2 MPH)
Batting: RHB Steve Clark 0-0: Called Strike
0-1: Foul Ball, location: 2F
0-2: Foul Ball, location: 2F
0-2: Strikes out looking
Batting: RHB Paul Wood 0-0: Ground out 3-1 (Groundball, 34S, EV 70.6 MPH)
Top of the 9th over - 0 runs, 1 hit, 0 errors, 1 left on base; Toledo 3 - Omaha 3
BOTTOM OF THE 9TH
Omaha Storm Chasers batting - Pitching for Toledo Mud Hens : LHP Jim Daum
Pitching: RHP Steve McGaughey
Pinch Hitting: LHB Sam Ogg 0-0: Ball
1-0: Ground out 6-3 (Groundball, 56D, EV 86.2 MPH)
Batting: LHB Ricardo Pagan 0-0: Called Strike
0-1: Called Strike
0-2: Ball
1-2: Ball
2-2: Ball
3-2: Strikes out looking
Pinch Hitting: LHB Ronnie Ashley 0-0: Called Strike
0-1: Called Strike
0-2: Strikes out swinging
Bottom of the 9th over - 0 runs, 0 hits, 0 errors, 0 left on base; Toledo 3 - Omaha 3
TOP OF THE 10TH
Toledo Mud Hens batting - Pitching for Omaha Storm Chasers : LHP John Hall
Now at 2B: Matt Belgard
Now at SS: Yuichi Takata
Now in CF: Ruben Serrata
Batting: RHB Casey Knutson 0-0: Called Strike
0-1: Foul Ball, location: 2F
0-2: Strikes out swinging
Batting: RHB Josh Stinnett 0-0: Foul Ball, location: 2F
0-1: Foul Ball, location: 2F
0-2: Strikes out swinging
Batting: SHB Adam Weber 0-0: Called Strike
0-1: Foul Ball, location: 2F
0-2: Strikes out looking
Top of the 10th over - 0 runs, 0 hits, 0 errors, 0 left on base; Toledo 3 - Omaha 3
BOTTOM OF THE 10TH
Omaha Storm Chasers batting - Pitching for Toledo Mud Hens : RHP Steve McGaughey
Pitching: RHP Will Lane
Pinch Hitting: LHB Danny Bailey 0-0: Ball
1-0: Ball
2-0: Called Strike
2-1: Called Strike
2-2: Strikes out looking
Batting: RHB Nick Ogle 0-0: Called Strike
0-1: Foul Ball, location: 2F
0-2: Strikes out swinging
Batting: LHB Roman Downey 0-0: Ball
1-0: Called Strike
1-1: Ball
2-1: Foul Ball, location: 2F
2-2: Ground out 4-3 (Groundball, 34D, EV 104.4 MPH)
Bottom of the 10th over - 0 runs, 0 hits, 0 errors, 0 left on base; Toledo 3 - Omaha 3
TOP OF THE 11TH
Toledo Mud Hens batting - Pitching for Omaha Storm Chasers : LHP John Hall
Now at SS: Jerry Castillo
Batting: SHB Raul Morales 0-0: Swinging Strike
0-1: Swinging Strike
0-2: Strikes out swinging
Batting: LHB Andy Schumacher 0-0: Ball
1-0: Called Strike
1-1: Ball
2-1: Swinging Strike
2-2: Ball
3-2: Foul Ball, location: 2F
3-2: Ground out 3-1 (Groundball, 34S, EV 88.8 MPH)
Batting: RHB Tim Borden 0-0: Called Strike
0-1: SINGLE (Groundball, 56D, EV 111.9 MPH)
Batting: SHB Jamie Roberts 0-0: Called Strike
0-1: Fielders Choice at 2nd, 5-4 (Groundball, 56, EV 104.4 MPH)
Top of the 11th over - 0 runs, 1 hit, 0 errors, 1 left on base; Toledo 3 - Omaha 3
BOTTOM OF THE 11TH
Omaha Storm Chasers batting - Pitching for Toledo Mud Hens : RHP Will Lane
Batting: RHB Muneer Maudad 0-0: Ball
1-0: Ball
2-0: Ground out 4-3 (Groundball, 4, EV 101.2 MPH)
Batting: RHB Walt Cogswell 0-0: Called Strike
0-1: Ball
1-1: Ball
2-1: Ball
3-1: Called Strike
3-2: Foul Ball, location: 2F
3-2: SINGLE (Groundball, 34D, EV 104.4 MPH)
Pitching: RHP Ken Howington
Batting: RHB Mikolas Markus 0-0: Ball
1-0: Called Strike
1-1: Ball
Walt Cogswell steals 2nd base
2-1: Ball
3-1: DOUBLE (Groundball, 5L, EV 100.6 MPH)
Walt Cogswell scores
Bottom of the 11th over - 1 run, 2 hits, 0 errors, 0 left on base; Toledo 3 - Omaha 4
Game Over ... Omaha defeats Toledo, 4 to 3
Wednesday, June 22nd , 2022 - OOTP Baseball 23.4 Build 64